 Dungeon Crawl Stone Soup version 0.29-a0-222-g5b244fca1f (webtiles) character file.

Game seed: 16652126905051788008

1475 timneilson the Covered (level 8, -13/49 HPs)
             Began as a Gargoyle Fighter on Feb 28, 2022.
             Killed from afar by a steam dragon (19 damage)
             ... with a ball of steam
             ... on level 6 of the Dungeon.
             The game lasted 00:10:34 (6275 turns).

timneilson the Covered (Gargoyle Fighter)           Turns: 6275, Time: 00:10:35

Health: -13/49     AC: 17    Str: 29    XL:     8   Next: 78%
Magic:  8/8        EV:  9    Int:  8    God:
Gold:   339        SH: 15    Dex:  9    Spells: 7/7 levels left

rFire   . . .      SeeInvis .   a - +0 long sword
rCold   . . .      Faith    .   m - +1 kite shield
rNeg    + . .      Spirit   .   b - +0 scale mail
rPois   ∞          Reflect  +   d - +0 helmet
rElec   +          Harm     .   (no cloak)
rCorr   .          Rampage  .   f - +0 pair of gloves
Will    .....                   j - +0 pair of boots
Stlth   ..........              e - amulet of reflection
HPRegen 0.16/turn               o - +6 ring of strength
MPRegen 0.11/turn               k - +4 ring of protection

@: corroded
A: sickness immunity, AC +5, negative energy resistance 1, electricity
resistance, torment resistance 1, petrification resistance
a: no special abilities


You were on level 6 of the Dungeon.
You visited 1 branch of the dungeon, and saw 6 of its levels.

You collected 339 gold pieces.

Inventory:

Hand Weapons
 a - a +0 long sword (weapon)
Armour
 b - a +0 scale mail (worn)
 d - a +0 helmet (worn)
 f - a +0 pair of gloves (worn)
 j - a +0 pair of boots (worn)
 m - a +1 kite shield (worn)
 t - a +0 plate armour
Jewellery
 c - an amulet of regeneration
 e - an amulet of reflection (around neck)
 g - a ring of resist corrosion
 k - a +4 ring of protection (right hand)
 o - a +6 ring of strength (left hand)
 s - a +6 ring of strength
Scrolls
 u - 3 scrolls of teleportation
 z - a scroll of fear
Potions
 h - a potion of mutation
 i - a potion of ambrosia
 l - a potion of haste
 n - 2 potions of attraction
 p - 2 potions of curing
 q - a potion of lignification {unknown}
 r - a potion of heal wounds {unknown}
 v - 2 potions of degeneration {unknown}
 w - a potion of flight {unknown}
 x - a potion of might


   Skills:
 + Level 5.2 Fighting
 * Level 5.1 Long Blades
 * Level 6.7 Armour
 + Level 2.8 Dodging
 * Level 6.6 Shields


You had 7 spell levels left.
You didn't know any spells.
Your spell library contained the following spells:

 Spells                   Type           Power      Damage    Failure   Level
 Sandblast                Erth           0%         2d4       92%         1
 Passwall                 Tmut/Erth      0%         N/A       98%         2
 Gell's Gravitas          Tloc           0%         N/A       100%        3
 Lesser Beckoning         Tloc           0%         N/A       100%        3
 Ozocubu's Armour         Ice            0%         N/A       100%        3
 Stone Arrow              Conj/Erth      0%         3d7       100%        3
 Teleport Other           Tloc           0%         N/A       100%        3
 Metabolic Englaciation   Hex/Ice        0%         N/A       100%        5
 Simulacrum               Ice/Necr       0%         N/A       100%        6


Dungeon Overview and Level Annotations

Branches:
Dungeon (6/15)
 Temple: D:4-7

Altars:
Qazlal
Zin

Shops:
D:3 [


Innate Abilities, Weirdness & Mutations

You are immune to sickness and miasma.
Your stone body is resilient. (AC +5)
You are immune to poison.
You resist negative energy. (rN+)
You are resistant to electric shocks. (rElec)
You are resistant to unholy torment.
You are immune to petrification.


Message History

You closely miss the steam dragon.
The steam dragon is moderately wounded.
You block the steam dragon's attack. The steam dragon barely misses you.
You hit the steam dragon but do no damage.
The steam dragon is moderately wounded.
You block the steam dragon's attack. The steam dragon barely misses you.
You hit the steam dragon but do no damage.
The steam dragon is moderately wounded.
A bullfrog comes into view.
The steam dragon bites you. You block the steam dragon's attack.
The steam dragon bites you but does no damage.
The steam dragon barely misses you.
An acid dragon comes into view.
You block the steam dragon's attack. x2; The bullfrog barely misses you.
You block the bullfrog's attack. You block the bullfrog's attack.
The bullfrog hits you. The steam dragon breathes steam at you.
The ball of steam hits you but does no damage.
You are engulfed in a cloud of scalding steam.
The bullfrog is engulfed in a cloud of scalding steam.
You block the bullfrog's attack.
The bullfrog is engulfed in a cloud of scalding steam.
The bullfrog is engulfed in a cloud of scalding steam.
The bullfrog hits you but does no damage.
You hit the bullfrog.
You kill the bullfrog!
The steam dragon breathes steam at you.
The ball of steam hits you but does no damage.
Unknown command.
The acid dragon spits acid at you.
The splash of acid hits you but does no damage.
The acid corrodes you!
Okay, then.
The steam dragon breathes steam at you. The ball of steam hits you!!
* * * LOW HITPOINT WARNING * * *
The steam dragon breathes steam at you. The ball of steam hits you!!
You die...

....###..D####..# #..##
###.....## #..####....# ##..§##
##...#...# .># ##D## #..#....#
...#.. #D## ##.####..# #..#..##
#.§####.## #..# #..#..#
##§§§...## ##.#
#.....####§§.§..## #.###
###.........§§#§@.# ##..####
............§###..## ##......
.............####..### #.......
..#.......##..##.....#####..##..#
........#####....###....##..##..#
##.....## #....# ####........##
##....## ##..#..# ##...####.#
##..#.###..###.## #....#
#...#.....####..# #....#


There were no monsters in sight!

Vanquished Creatures
  Grinder (D:3)
  A water moccasin (D:5)
  A black bear (D:4)
  A sky beast (D:5)
  2 ice beasts (D:5)
  A centaur (D:5)
  A phantom (D:4)
  A bullfrog (D:6)
  A scorpion (D:5)
  2 hounds (D:5)
  A gnoll shaman (D:5)
  4 iguanas
  2 orc wizards (D:5)
  Natasha (thrice) (D:2)
  Robin (D:3)
  4 gnolls
  11 adders
  A shadow imp (D:5)
  A white imp (D:5)
  3 worms
  4 dart slugs
  12 orcs
  6 endoplasms
  3 giant cockroaches
  12 goblins
  8 hobgoblins
  11 jackals
  2 quokkas
  6 ball pythons
  2 bats
  2 frilled lizards (D:2)
  8 kobolds
  4 rats
123 creatures vanquished.

Notes
Turn   | Place    | Note
-------+----------+-------------------------------------------
     0 | D:1      | timneilson the Gargoyle Fighter began the quest for the
                  | Orb.
     0 | D:1      | Reached XP level 1. HP: 14/14 MP: 1/1
   306 | D:1      | Found a faded altar of an unknown god.
   385 | D:1      | Reached XP level 2. HP: 13/19 MP: 2/2
  1223 | D:1      | Reached XP level 3. HP: 18/23 MP: 3/3
  1739 | D:2      | Reached XP level 4. HP: 28/28 MP: 4/4
  1962 | D:2      | Reached skill level 1 in Dodging
  2124 | D:2      | Noticed Natasha
  2131 | D:2      | Killed Natasha
  2228 | D:2      | Noticed Natasha
  2238 | D:2      | Killed Natasha
  2239 | D:2      | Reached XP level 5. HP: 19/33 MP: 5/5
  2300 | D:2      | Noticed Natasha
  2309 | D:2      | Killed Natasha
  2722 | D:3      | Noticed Robin
  2767 | D:3      | Killed Robin
  3167 | D:3      | Found a glowing silver altar of Zin.
  3192 | D:3      | Noticed Grinder
  3234 | D:3      | Found Nolaodeirgh's Antique Armour Boutique.
  3334 | D:3      | Paralysed by Grinder for 3 turns
  3352 | D:3      | Killed Grinder
  3353 | D:3      | Reached XP level 6. HP: 31/38 MP: 6/6
  3663 | D:4      | Noticed a black bear
  3678 | D:4      | Killed a black bear
  3679 | D:4      | Reached skill level 5 in Armour
  3679 | D:4      | Reached skill level 5 in Shields
  3679 | D:4      | Reached XP level 7. HP: 27/43 MP: 7/7
  4754 | D:4      | You fall into a shaft and drop 1 floor!
  4754 | D:5      | Entered Level 5 of the Dungeon
  4855 | D:5      | Reached XP level 8. HP: 33/48 MP: 8/8
  5642 | D:5      | Reached skill level 5 in Fighting
  5764 | D:5      | Reached skill level 5 in Long Blades
  5819 | D:5      | Noticed an air elemental
  6077 | D:5      | Found a stormy altar of Qazlal.
  6087 | D:5      | Noticed a water elemental
  6275 | D:6      | Killed from afar by a steam dragon

Illustrated notes

Levels and vault maps discovered:
D:1:      amcnicky_arrival_gap_in_the_tavern_cellar, layout_loops_corners,
          shapermc_ecumenical_altar_pompeii
D:2:      layout_basic, kennysheep_minor_cross, uniq_natasha
D:3:      layout_rooms, zin_academy, serial_shops, shop, uniq_grinder,
          uniq_robin
D:4:      layout_loops_ring
D:5:      layout_rooms, nicolae_qazlal_style_of_elements, serial_corexii_hall,
          chequers_hall_statues_corner_a, corexii_hall_statues_x,
          corexii_hall_statues_s, chequers_hall_statues_wall_a,
          kennysheep_cluttered_room, grunt_decor_mini_mirrors,
          minmay_joined_circles
D:6:      layout_layer_cave, ashenzari_conservatory_becter

Skill      XL: |  1  2  3  4  5  6  7  8 |
---------------+-------------------------+-----
Long Blades    | 2 3 4 5 |  5.1
Dodging        | 1 2 |  2.8
Armour         | 4 5 6 |  6.7
Shields        | 4 5 6 |  6.6
Fighting       | 4 5 |  5.2

Action                   |  1- 3 |  4- 6 |  7- 9 || total
-------------------------+-------+-------+-------++-------
Melee: Long sword        |   132 |   247 |   409 ||   788
  Use: Scroll            |     3 |     4 |     5 ||    12
       Potion            |       |     1 |     2 ||     3
Armor: Scale mail        |    74 |   129 |   188 ||   391
Dodge: Dodged            |    61 |    63 |   102 ||   226
Block: Buckler           |    84 |     1 |       ||    85
       Reflection        |     1 |     2 |     5 ||     8
       Kite shield       |       |   200 |   314 ||   514

Table legend: (Time is in decaauts)
 A = Elapsed time spent in this place.
 B = Non-inter-level travel time spent in this place.
 C = Inter-level travel time spent in this place.
 D = Time resting spent in this place.
 E = Time spent auto-exploring this place.
 F = Levels seen in this place.
 G = Mean time per level.
                   A        B        C        D        E       F      G
               +--------+--------+--------+--------+--------+-----+--------+
         Total |   6573 |   6459 |    114 |    405 |   4181 |   6 | 1095.5 |
       Dungeon |   6573 |   6459 |    114 |    405 |   4181 |   6 | 1095.5 |
               +--------+--------+--------+--------+--------+-----+--------+

Top non-repeatable levels by time:
     D:1: 1461 daAuts
     D:5: 1388 daAuts
     D:2: 1330 daAuts
     D:4: 1278 daAuts
     D:3: 957 daAuts
     D:6: 157 daAuts
